Cogmind - Beta 17 @@@ ROGUE MODE // 2026.07.06 @ 13:08:08 // Winter2019/RPGLIKE Player: Gallgagger Result: Destroyed by Triborg with Siege Cannon Performance ------------- Evolutions (0) 0 Regions Visited (4) 800 Robots Destroyed (12) 60 Value Destroyed (226) 226 Prototype IDs (8) 160 Alien Tech Used (0) 0 Bonus (276) 276 TOTAL SCORE: 1522 Bonus ------- Follower Combat Kills 159 Registered with UFD 300 Friendly Fire -183 Cogmind --------- Core Integrity 0/1300 Matter 300/300 Energy 100/100 System Corruption 1% Temperature Cool (0) Movement Core (50) Location -7/Scraptown Parts ------- > --- POWER (1) -------- (None) > --- PROPULSION (1) --- (None) > --- UTILITY (1) ------ (None) > --- WEAPON (1) ------- (None) > --- INVENTORY (1) ---- Protomatter-44 Peak State ------------ > --- POWER ------------ (None) > --- PROPULSION ------- (None) > --- UTILITY ---------- (None) > --- WEAPON ----------- Great Maul > --- INVENTORY -------- (None) [Rating: 3] Favorites ----------- Power None Propulsion None Utility None Weapon Assault Rifle Ballistic Gun Assault Rifle Impact Weapon Great Maul Build | -11 -10 -10 -7 -7 ------- Run | Yrd Mat Sub Rec Scr Slots Evolved . | . . . . . Power . | . . . . . Propulsion . | . . . . . Utility . | . . . . . Weapon . | . . . . . Parts Attached 2 | 1 . . 1 . Power . | . . . . . Engine . | . . . . . Core . | . . . . . Reactor . | . . . . . Propulsion . | . . . . . Treads . | . . . . . Leg . | . . . . . Wheel . | . . . . . Hover . | . . . . . Flight . | . . . . . Utility . | . . . . . Device . | . . . . . Storage . | . . . . . Processor . | . . . . . Hackware . | . . . . . Protection . | . . . . . Artifact . | . . . . . Weapon 2 | 1 . . 1 . Energy Gun . | . . . . . Energy Cannon . | . . . . . Ballistic Gun 1 | 1 . . . . Ballistic Cannon . | . . . . . Launcher . | . . . . . Special Weapon . | . . . . . Impact Weapon 1 | . . . 1 . Slashing Weapon . | . . . . . Piercing Weapon . | . . . . . Special Melee Weapon . | . . . . . Unidentified Prototypes . | . . . . . Parts Lost 1 | . . . . 1 Power . | . . . . . Propulsion . | . . . . . Utility . | . . . . . Weapon 1 | . . . . 1 Highest Loss Streak 1 | . . . . 1 To Critical Strikes . | . . . . . Average Backups . | . . . . . Power . | . . . . . Propulsion . | . . . . . Utility . | . . . . . Weapon . | . . . . . Tool/Special . | . . . . . Unused Backups . | . . . . . Power . | . . . . . Propulsion . | . . . . . Utility . | . . . . . Weapon . | . . . . . Tool/Special . | . . . . . Average Slot Usage (%) 25 | . 25 25 25 25 Ballistic Gun 13 | . 25 25 1 . Impact Weapon 11 | . . . 23 25 Peak Build Rating 3 | 1 1 1 3 3 Average Rating 1 | . 1 1 2 3 On Entrance 1 | . 1 1 1 3 Avg Prop Armor Cover (%) . | . . . . . Naked Turns 1 | . . . 1 . Heaviest Build 4 | 2 2 2 4 4 Greatest Support 8 | 3 3 3 8 8 Greatest Overweight (x) 1 | . . . 1 . Average Overweight (x) . | . . . . . Largest Inventory Capacity 1 | . . . 1 1 Average Capacity . | . . . . 1 Most Carried 1 | . . . 1 1 Average Carried . | . . . . 1 Final Capacity 1 | . . . 1 1 Final Carried 1 | . . . 1 1 Class Distribution -------------------- 93% | Mutant 6% | Commander-Mutant Dominant Class ---------------- Mutant | -10/Materials Mutant | -10/Subcaves Mutant | -7/Recycling Mutant | -7/Scraptown Resources | -11 -10 -10 -7 -7 ----------- Run | Yrd Mat Sub Rec Scr Matter Collected 286 | 276 . . 10 . Remotely . | . . . . . Salvage Created 542 | 227 . . 315 . Parts 19 | 14 . . 5 . Haulers Intercepted . | . . . . . Recyclers Shooed 1 | 1 . . . . Parts Field Recycled . | . . . . . Retrieved Matter . | . . . . . Parts Self-Destructed 5 | . . 5 . . Prevented . | . . . . . Parts Restored . | . . . . . Kills | -11 -10 -10 -7 -7 ------- Run | Yrd Mat Sub Rec Scr Combat Hostiles Destroyed 3 | . . . 3 . Melee 2 | . . . 2 . Classes Destroyed 5 | 2 . . 3 . Builder 1 | . . . 1 . Tunneler 5 | 5 . . . . Recycler 3 | 1 . . 2 . Sentry 2 | . . . 2 . Programmer 1 | . . . 1 . Best Kill Streak 6 | 4 . . 6 . Combat Bots Only 3 | . . . 3 . Max Kills in Single Turn 1 | 1 . . 1 . Gunslinging . | . . . . . Exploded . | . . . . . Melee 1 | . . . 1 . Uniques/NPCs Destroyed . | . . . . . Combat | -11 -10 -10 -7 -7 -------- Run | Yrd Mat Sub Rec Scr Hostile Shots Fired 183 | . . 36 109 38 Missed 63 | . . 17 37 9 Hits 120 | . . 19 72 29 Projectile 120 | . . 19 72 29 AOE 1 | . . . 1 . Critical Strikes 2 | . . . 1 1 Damage Taken 1708 | . . 323 683 702 Core 1606 | . . 276 661 669 Absorbed by Shields . | . . . . . Redirected to Core 354 | . . 153 72 129 Core Remaining (%) 100 | 100 . . . . Volleys Fired 22 | 22 . . . . Largest 1 | 1 . . . . Hottest 20 | 20 . . . . Shots Fired 22 | 22 . . . . Gun 22 | 22 . . . . Cannon . | . . . . . Launcher . | . . . . . Special . | . . . . . Kinetic 22 | 22 . . . . Thermal . | . . . . . Explosive . | . . . . . Electromagnetic . | . . . . . Robot Hit Streak 7 | 7 . . . . Robot Miss Streak 3 | 3 . . . . Penetration Max . | . . . . . Secondary Targets . | . . . . . Shots Hit Robots 28 | 14 . . 12 2 Core Hits 9 | 7 . . 2 . Critical Kills 1 | . . . 1 . Critical Parts Destroyed 2 | 1 . . . 1 Critical Strikes 3 | 1 . . 1 1 Destroy 1 | 1 . . . . Smash 2 | . . . 1 1 Melee Attacks 16 | . . . 13 3 Impact 16 | . . . 13 3 Slashing . | . . . . . Piercing . | . . . . . Sneak Attacks 5 | . . . 4 1 Combat Hostiles . | . . . . . Follow-up Attacks . | . . . . . Damage Inflicted 1057 | 164 . . 766 127 Guns 164 | 164 . . . . Cannons . | . . . . . Explosions . | . . . . . Melee 893 | . . . 766 127 Ramming . | . . . . . Kinetic 164 | 164 . . . . Thermal . | . . . . . Explosive . | . . . . . Electromagnetic . | . . . . . Impact 893 | . . . 766 127 Slashing . | . . . . . Piercing . | . . . . . Highest Corruption 1 | . . . . 1 Average Corruption 1 | . . . . 1 Corruption Purged . | . . . . . Corruption Blocked . | . . . . . Overload Shots . | . . . . . Overflow Damage 403 | . . . 342 61 Projectiles 33 | . . . 33 . Explosions . | . . . . . Melee 370 | . . . 309 61 Knockbacks 4 | . . . 4 . Impact 3 | . . . 3 . Kinetic . | . . . . . Secondary 1 | . . . 1 . Self-Inflicted Damage . | . . . . . Shots . | . . . . . Rammed . | . . . . . Targets Rammed . | . . . . . Kicked . | . . . . . Crushed . | . . . . . Highest Temperature 25 | . . . . 25 Average Temperature 13 | . . . . 13 Received Heat Transfer 358 | . . 66 189 103 Siege Activations . | . . . . . Martial Activations . | . . . . . Shielding Activations . | . . . . . Robots Disrupted . | . . . . . Combat Hostiles . | . . . . . Robots Corrupted 4 | . . . 4 . Combat Hostiles 2 | . . . 2 . Parts Fried 4 | . . . 4 . Impact Corruptions 14 | . . . 13 1 Robots Melted . | . . . . . Combat Hostiles . | . . . . . Parts Melted 2 | . . . 2 . Heat Transferred . | . . . . . Parts Sabotaged . | . . . . . Parts Stolen . | . . . . . Parts Stripped . | . . . . . Power Chain Reactions . | . . . . . Alert | -11 -10 -10 -7 -7 ------- Run | Yrd Mat Sub Rec Scr Maximum Alert Level . | . . . . . Low Security (%) 100 | 100 100 . 100 . Level 1 . | . . . . . Level 2 . | . . . . . Level 3 . | . . . . . Level 4 . | . . . . . Level 5 . | . . . . . High Security . | . . . . . Max Security . | . . . . . Peak Influence 82 | 10 3 . 82 . Initial 14 | . 3 . 14 . Average 17 | 1 . . 42 . Influence Increases 300 | 30 . 60 210 . Destroy 0b10 Robot/C 180 | . . . 180 . Destroy 0b10 Robot/NC 50 | 30 . . 20 . Allied During Kill 10 | . . . 10 . Lose Combat Pursuer 60 | . . 60 . . Influence Decreases 300 | 25 5 30 200 40 Entered New Map 58 | . 2 . 16 40 Time Decay 172 | 25 3 30 114 . Lost Ally 70 | . . . 70 . Squads Dispatched . | . . . . . Investigation . | . . . . . Extermination . | . . . . . Reinforcement . | . . . . . Assault . | . . . . . Garrison . | . . . . . Intercept . | . . . . . Searches Triggered . | . . . . . Construction Impeded . | . . . . . Haulers Reinforced . | . . . . . Active Scanning Responses . | . . . . . Cargo Convoy Interrupts . | . . . . . Stealth | -11 -10 -10 -7 -7 --------- Run | Yrd Mat Sub Rec Scr Distress Signals . | . . . . . Communications Jammed . | . . . . . Distress Signals . | . . . . . Times Spotted 24 | . . 8 9 7 Peak Tracking Total 7 | . . 5 4 7 Tactical Retreats 3 | . . 3 . . Traps | -11 -10 -10 -7 -7 ------- Run | Yrd Mat Sub Rec Scr Traps Triggered 4 | . . 4 . . Indirectly . | . . . . . Trap Hack Attempts . | . . . . . Triggered . | . . . . . Disarmed . | . . . . . Reprogrammed . | . . . . . Reused . | . . . . . Traps Extracted . | . . . . . Installed . | . . . . . Triggered . | . . . . . Machines | -11 -10 -10 -7 -7 ---------- Run | Yrd Mat Sub Rec Scr Machines Disabled . | . . . . . Max in Single Turn . | . . . . . Machines Repaired . | . . . . . Machines Dismantled . | . . . . . Machines Sabotaged . | . . . . . Overloaded Fab Kills . | . . . . . Hacking | -11 -10 -10 -7 -7 --------- Run | Yrd Mat Sub Rec Scr Machines Accessed 1 | . . . . 1 Terminals . | . . . . . Fabricators . | . . . . . Repair Stations . | . . . . . Recycling Units . | . . . . . Scanalyzers . | . . . . . Garrison Access . | . . . . . Total Hacks 1 | . . . . 1 Successful 1 | . . . . 1 Failed . | . . . . . Catastrophic . | . . . . . Database Lockouts . | . . . . . Manual . | . . . . . Terminals . | . . . . . Fabricators . | . . . . . Repair Stations . | . . . . . Recycling Units . | . . . . . Scanalyzers . | . . . . . Garrison Access . | . . . . . Terminal Hacks 1 | . . . . 1 Proto ID Catalog 1 | . . . . 1 Fabricator Hacks . | . . . . . Repair Station Hacks . | . . . . . Recycling Unit Hacks . | . . . . . Scanalyzer . | . . . . . Garrison Access Hacks . | . . . . . Unauthorized Hacks . | . . . . . Terminals . | . . . . . Fabricators . | . . . . . Repair Stations . | . . . . . Recycling Units . | . . . . . Scanalyzers . | . . . . . Garrison Access . | . . . . . Data Cores Recovered . | . . . . . Used . | . . . . . Hacking Detections . | . . . . . Full Trace Events . | . . . . . Feedback Events . | . . . . . Feedback Blocked . | . . . . . Robot Schematics Acquired . | . . . . . Robots Built . | . . . . . Authchips . | . . . . . Time . | . . . . . Total Robot Build Rating . | . . . . . Part Schematics Acquired . | . . . . . Parts Built . | . . . . . Authchips . | . . . . . Time . | . . . . . Total Part Build Rating . | . . . . . Part Studies Acquired . | . . . . . Parts Repaired . | . . . . . Time . | . . . . . Parts Recycled . | . . . . . Recycled Matter . | . . . . . Retrieved Matter . | . . . . . Retrieved Components . | . . . . . Parts Scanalyzed . | . . . . . Part Schematics Acquired . | . . . . . Parts Damaged . | . . . . . Bothacking | -11 -10 -10 -7 -7 ------------ Run | Yrd Mat Sub Rec Scr Used RIF Installer . | . . . . . Robots Hacked . | . . . . . Non-combat . | . . . . . Combat . | . . . . . Robot Hacks Applied . | . . . . . Relay Couplers Released . | . . . . . Fabnet Peak Effective % . | . . . . . Robots Rewired 8 | . . . 8 . Allies Hacked 1 | . . . 1 . Hacks Repelled . | . . . . . Allies | -11 -10 -10 -7 -7 -------- Run | Yrd Mat Sub Rec Scr Total Allies 8 | . . . 8 . Largest Group 7 | . . . 7 . Highest-Rated Group 161 | . . . 161 . Highest-Rated Ally 39 | . . . 39 . Total Orders . | . . . . . Ally Attacks 15 | . . . 15 . Total Damage 442 | . . . 442 . Kills 6 | . . . 6 . Allies Corrupted . | . . . . . Allies Melted . | . . . . . Intel | -11 -10 -10 -7 -7 ------- Run | Yrd Mat Sub Rec Scr Active Infowar (turns) . | . . . . . Robot Analysis Total . | . . . . . Derelict Logs Recovered 1 | . . 1 . . Drone Launches . | . . . . . Drone Recoveries . | . . . . . Exploration | -11 -10 -10 -7 -7 ------------- Run | Yrd Mat Sub Rec Scr Turns Passed 1256 | 90 285 315 266 300 Spaces Moved 1501 | 39 46 615 219 582 Core 1501 | 39 46 615 219 582 Treads . | . . . . . Legs . | . . . . . Wheels . | . . . . . Hover . | . . . . . Flight . | . . . . . Fastest Speed 50 | 50 50 50 50 50 Average Speed 50 | 50 50 50 50 50 Slowest Speed 100 | 50 50 50 100 50 Overloaded Moves . | . . . . . Propulsion Burnouts . | . . . . . Robots Hopped . | . . . . . Potential Cave-ins . | . . . . . Cave-ins Triggered . | . . . . . Exploration Rate (%) 27 | 4 16 44 30 44 Regions Visited 4 Branch Regions 3 Pre-discovered Areas . | . . . . . Known Exits Taken . | . . . . . Unknown Exits Taken 4 | 1 1 1 1 . Scrap Searched . | . . . . . Spaces Dug . | . . . . . Terrain Destroyed . | . . . . . Melee . | . . . . . Projectile . | . . . . . AOE . | . . . . . Terrain Rammed . | . . . . . Walls Destroyed . | . . . . . Machines Disabled . | . . . . . Actions | -11 -10 -10 -7 -7 --------- Run | Yrd Mat Sub Rec Scr Total 1940 | 86 307 614 348 585 Wait 293 | 25 262 . 6 . Move 1497 | 38 45 614 218 582 Hop . | . . . . . Pick Up 1 | . . . 1 . Fast Attach 2 | 1 . . 1 . Attach . | . . . . . Detach . | . . . . . Swap . | . . . . . Drop 1 | . . . 1 . Fire 22 | 22 . . . . Melee 16 | . . . 13 3 Ram . | . . . . . Kick . | . . . . . Crush . | . . . . . Escape Stasis . | . . . . . Rewire 95 | . . . 95 . Trap . | . . . . . Miscellaneous 13 | . . . 13 . Route ------- -11/Scrapyard -10/Materials -10/Subcaves (discovered 2 exits: [*Mat] / *Rec) -7/Recycling -7/Scraptown History --------- Turn | Location | Event 6 | -11/Scrapyard | Discovered new exit (range 15) 91 | -11/Scrapyard | Entered Materials 301 | -10/Materials | Build established: Mutant 362 | -10/Materials | Discovered new exit (range 9) 376 | -10/Materials | Entered Subcaves 556 | -10/Subcaves | Discovered new exit (range 15) 662 | -10/Subcaves | Learned Materials garrison access intel 686 | -10/Subcaves | Discovered new exit (range 11) 691 | -10/Subcaves | Entered Recycling 693 | -7/Recycling | Reached level 2 751 | -7/Recycling | Core integrity fell below 50% 767 | -7/Recycling | Core integrity fell below 20% 944 | -7/Recycling | Scanned before Scraplab entrance 952 | -7/Recycling | Entered Scraplab 956 | -7/Recycling | Discovered new exit (range 3) 957 | -7/Recycling | Entered Scraptown 959 | -7/Scraptown | Reached level 3 1025 | -7/Scraptown | Visited CR-KLE's Repair Center 1035 | -7/Scraptown | Visited The Evicted 1040 | -7/Scraptown | Visited Spacefarers 1051 | -7/Scraptown | Visited UFD Registry 1051 | -7/Scraptown | Registered with UFD as "Quantumforce" 1068 | -7/Scraptown | Visited Cartography Club 1077 | -7/Scraptown | Visited Curators Association 1101 | -7/Scraptown | Visited Observation Area 1109 | -7/Scraptown | Visited Scrapoid Research Area 1114 | -7/Scraptown | Visited Derelict Rescue Squad 1120 | -7/Scraptown | Visited Scrap Suit Storage 1127 | -7/Scraptown | Visited Botcube Research 1134 | -7/Scraptown | Visited Science Guys 1141 | -7/Scraptown | Visited Scrapoid Pod Storage 1148 | -7/Scraptown | Visited Sword Containment 1248 | -7/Scraptown | Attacked by Scraptown defenders 1257 | -7/Scraptown | Destroyed by Triborg with Siege Cannon Last Messages --------------- 01248_ Critical hit (Burn: +50). 01249_ Triborg activates siege mode. 01249_ Penetrated by Siege Slug. 01249_ Knocked back. 01251_ Penetrated by Bolt. 01251_ Penetrated by Siege Slug. 01251_ Knocked back. 01251_ Penetrated by Bolt. 01252_ 64-SW2(j) heat short circuits Mak. Microdissipator Network. 01253_ Penetrated by Siege Slug. 01253_ Knocked back. 01253_ Penetrated by Bolt. 01254_ Bolt penetrates Reinforced Barrier. 01255_ Penetrated by Siege Slug. 01255_ Knocked back. 01256_ Penetrated by Bolt. 01256_ 64-SW2(j) overheating. 01256_ Penetrated by Bolt. 01257_ Penetrated by Siege Slug. 01257_ Great Maul destroyed. Map ----- +----------------------------------------------------+ | # ?????????????"" #??????# #" | | # ??????????????? #???????####### ########## | | ### ################## ####???????##### ########## | | #???????#"""" """""""""" | | #???????#" | | #???????#" | | #???????#" | | #???????#" | | ################# #???#####" | | #???????????????# #???#"""" """"""""" | | #???????????????# #???#"""" """"""""" | | #???????????????# #???#"""" ""###### | | #???????????????# #???#"""" ""#???? | | #???????????????# #???#"""" ""#???? | | #???????????????# ###?#"""" ""#? "" | | #???????????????# ""#"#"""" ""# "" | | #?######????????# j""""#"""" ""# " | | ##" "#??# ""#?#####" "" " | | ##"" """"" "#??# ###?????#" "" " | | ##" """"" "#??# #########" ""# " | | ##"" """"" "???# ""# ""? | | ##" ?????# ""#? "" | | ## ???????# ""#???? | | #? ?????????# % ""#???? | | #### ############ TT % ""###### | | TT @ """"""""" | | h """"""""" | | % h g | | | | | | #""""#" | | #????#" | | b #????#"""""" """""""" | | ################### ### ####????####### ######## | | ????????????????""""## #???????????? ?????? | | ????????????? ## #?????????? #????? | | "?????????? ## #?????????# #????? | | "???????? """ ## #?????????###X ####????? | | " " ""??????? ?" ##p #???????????##"????????? | | """ ???????"""???? ##j #??????????????????????? | | """ ?????????????? #? #??????????????????????? | | ???? "?????????????"#? #??????????????????????? | | "?????????????????????? #??????????????????????? | | #?????????????????????? #??????????????????????? | | ??????????????????????? #??????????????????????? | | ??????????????????????? ???????????????????????? | | ?????????????????????????????????????????????????? | | ?????????????????????????????????????????????????? | | ?????????????????????????????????????????????????? | | ?????????????????????????????????????????????????? | +----------------------------------------------------+ Best States ------------- Heat Dissipation 25 Energy Generation 5 Energy Capacity 100 Matter Stores 300 Matter Capacity 300 Sight Range 16 Terrain Scan Density 10 Evasion (%) 50 Item Schematics ----------------- None Robot Schematics ------------------ None Fabricated ------------ Nothing Repaired ---------- Nothing Studied --------- None Alien Tech Used ----------------- None Achievements -------------- None Challenges ------------ None RPGLIKE | -11 -10 -10 -7 -7 --------- Run | Yrd Mat Sub Rec Scr Levels Raised 2 | . . . 1 1 XP Earned 6628 | 3000 . 1000 1978 650 XP Spent 1610 | . . . 1610 . Upgrades 16 | . . . 16 . Core Integrity 14 | . . . 14 . Mass Support 1 | . . . 1 . Inventory Capacity 1 | . . . 1 . Protomatter Created 91 | . . . 91 . Integrity Restored 297 | . . . 297 . Core 297 | . . . 297 . Protomatter Decayed 95 | . . 54 41 . Game ------ Seed BeamFusionCarapace Manual? 0 Play Time 00:08:44 Cumulative 640.0 hours Start 2026.07.06 @ 13:00:33 End 2026.07.06 @ 13:08:08 Sessions 1 Manual Loads 0 Difficulty Rogue Special Mode Winter2019/RPGLIKE Game No. 256 Rogue 102 Adventurer 154 Explorer 0 Win Type - Total 21 Types 4/4/4/3/2/1/0/1/1/1 Lore% 95 Gallery% 88 Achievement% 64 Wizard Run 0 Options --------- Layout 0 ASCII 0 Keyboard 0 Movement Numpad Keybinds 0 Fullscreen 2 Font 18/SmallcapsGlow Map View 76x50 Zoom Use 0% Tactical HUD 1 Map Filters NONE Filters NONE Steam 1 RUN: c749444c-d281-4230-9290-d075a6d22b2f